 Dungeon Crawl Stone Soup version 0.30-a0-924-g0ad0bf95bc (webtiles) character file.

Game seed: 17282086353925331297

120 ragingrage the Shooter (level 4, -3/33 HPs)
             Began as a Mummy Hunter on Mar 23, 2023.
             Slain by a gnoll
             ... wielding a +0 flail
             ... led by a gnoll bouda
              (10 damage)
             ... on level 3 of the Dungeon.
             The game lasted 00:03:40 (2970 turns).

ragingrage the Shooter (Mummy Hunter)               Turns: 2970, Time: 00:03:41

Health: -3/33      AC:  7    Str: 14    XL:     4   Next: 75%
Magic:  4/4        EV: 11    Int: 11    God:
Gold:   111        SH:  0    Dex: 17    Spells: 3/3 levels left

rFire   x . .      SeeInvis .    a - +0 shortbow
rCold   + . .      Faith    +    (shield currently unavailable)
rNeg    + + +      Spirit   .    c - +0 leather armour
rPois   ∞          Reflect  .    d - +2 helmet {Int+3}
rElec   .          Rampage  .    (no cloak)
rCorr   .                        (no gloves)
Will    .....                    h - +0 pair of boots
Stlth   ++                       (no amulet)
HPRegen 0.25/turn                (no ring)
MPRegen 0.09/turn                (no ring)

@: no status effects
A: cold resistance 1, negative energy resistance 3, torment resistance 2, heat
vulnerability 1, in touch with death 1, no potions, faith
a: no special abilities


You were on level 3 of the Dungeon.
You visited 1 branch of the dungeon, and saw 4 of its levels.

You collected 169 gold pieces.
You spent 58 gold pieces at shops.

Inventory:

Hand Weapons
 a - a +0 shortbow (weapon)
 i - a +0 rapier
 o - a +0 long sword
Armour
 c - a +0 leather armour (worn)
 d - a +2 helmet of intelligence (worn)
 h - a +0 pair of boots (worn)
Scrolls
 b - 2 scrolls of immolation
 e - a scroll of acquirement
 f - a scroll of amnesia {unknown}
 g - a scroll of vulnerability {unknown}
 j - a scroll of noise {unknown}
 k - a scroll of blinking {unknown}
 l - 2 scrolls of identify {unknown}
 m - a scroll of poison {unknown}
 n - a scroll of teleportation


   Skills:
 - Level 2.0 Fighting
 + Level 4.8 Ranged Weapons
 - Level 1.5 Dodging
 - Level 2.0 Stealth


You had 3 spell levels left.
You didn't know any spells.
Your spell library contained the following spells:

 Spells                   Type           Power      Damage    Failure   Level
 Inner Flame              Hex/Fire       0%         N/A       80%         3
 Flame Wave               Conj/Fire      0%         2d4       99%         4
 Manifold Assault         Tloc           0%         N/A       99%         4
 Petrify                  Tmut/Erth      0%         N/A       99%         4
 Sticky Flame             Conj/Fire      0%         2d3       99%         4
 Summon Lightning Spire   Summ/Air       0%         N/A       99%         4
 Metabolic Englaciation   Hex/Ice        0%         N/A       100%        5
 Dispersal                Tloc           0%         N/A       100%        6
 Disjunction              Tloc           0%         N/A       100%        8
 Maxwell's Capacitive Co  Air            0%         ∞         100%        8
 Statue Form              Tmut/Erth      Unusable   N/A       N/A         6
 Storm Form               Tmut/Air       Unusable   N/A       N/A         7

Dungeon Overview and Level Annotations

Branches:
Dungeon (4/15)
 Temple: D:4-7

Altars:

Shops:
D:1 [

Annotations:
D:3 2 runed translucent doors, 123deadman's ghost, amateur OgAE


Innate Abilities, Weirdness & Mutations

You are immune to poison.
Your flesh is cold resistant. (rC+)
You are immune to negative energy. (rN+++)
You are immune to unholy pain and torment.
You are vulnerable to heat. (rF-)
You are in touch with the powers of death.
You do not drink.
You have a special connection with the divine. (Faith)


Message History

Unknown command.
Fire: a) +0 shortbow
Aim: a gnoll, wielding a +0 flail (66% to hit)
You shoot an arrow. The arrow barely misses the gnoll.
The gnoll closely misses you.
Fire: a) +0 shortbow
Aim: a gnoll, wielding a +0 flail (66% to hit)
You shoot an arrow. The arrow closely misses the gnoll.
The gnoll closely misses you.
Fire: a) +0 shortbow
Aim: a gnoll, wielding a +0 flail (66% to hit)
You shoot an arrow. The arrow barely misses the gnoll.
The gnoll closely misses you. x2
Fire: a) +0 shortbow
Aim: a gnoll, wielding a +0 flail (66% to hit)
You shoot an arrow. The arrow hits the gnoll.
The gnoll closely misses you.
Fire: a) +0 shortbow
Aim: a gnoll, wielding a +0 flail (moderately wounded, 66% to hit)
You shoot an arrow.
The arrow hits the gnoll but does no damage.
The gnoll hits you with a +0 flail. The gnoll hits you but does no damage.
You shoot an arrow. The arrow barely misses the gnoll.
The gnoll hits you with a +0 flail!
You shoot an arrow. The arrow completely misses the gnoll.
The gnoll misses you.
You shoot an arrow. The arrow barely misses the gnoll.
The gnoll closely misses you.
You shoot an arrow. The arrow hits the gnoll.
You hear a shout!
The gnoll hits you but does no damage. x2
You shoot an arrow. The arrow closely misses the gnoll.
The gnoll hits you with a +0 flail!
* * * LOW HITPOINT WARNING * * *
Unknown command.
You shoot an arrow.
The arrow hits the gnoll but does no damage.
The gnoll barely misses you. The gnoll hits you with a +0 flail!
You die...

~~~#.####............#
#.###
~~~+........###..#####
##.# ~~~#.######## #..#
#..# ##### ########..#
##.## ..........######..#
###############.........##
..g..........g'.........#
###############g........#
#.@.......# #.........#
#.........# #.........#
#.........# #.........#
#.........# ###########


You could see 2 gnolls.

Vanquished Creatures
  A lemure (D:4)
  A gnoll bouda (D:4)
  3 adders
  2 worms (D:2)
  A dart slug (D:3)
  An orc (D:3)
  4 bats
  6 endoplasms
  A giant cockroach (D:2)
  5 goblins
  9 hobgoblins
  3 jackals (D:2)
  7 kobolds
  A quokka (D:1)
  3 ball pythons
  4 frilled lizards
  A rat (D:1)
53 creatures vanquished.

Notes
Turn   | Place    | Note
-------+----------+-------------------------------------------
     0 | D:1      | ragingrage the Mummy Hunter began the quest for the Orb.
     0 | D:1      | Reached XP level 1. HP: 16/16 MP: 1/1
    25 | D:1      | Reached skill level 1 in Stealth
   112 | D:1      | Reached XP level 2. HP: 22/22 MP: 2/2
   195 | D:1      | Found Ehipn's Armour Shoppe.
   360 | D:1      | Found a faded altar of an unknown god.
   360 | D:1      | Noticed an ice devil
   660 | D:2      | Gained mutation: You are in touch with the powers of death.
                  | [Mummy growth]
   660 | D:2      | Reached XP level 3. HP: 27/27 MP: 3/3
   688 | D:1      | Bought a +0 pair of boots for 58 gold pieces
   934 | D:2      | Reached skill level 4 in Ranged Weapons
  1310 | D:3      | Found a runed translucent door.
  1421 | D:2      | Reached XP level 4. HP: 32/33 MP: 4/4
  1848 | D:3      | Noticed a bullfrog
  2204 | D:3      | Found a runed translucent door.
  2206 | D:3      | Noticed 123deadman's ghost (amateur OgAE)
  2253 | D:3      | Identified a scroll of acquirement
  2360 | D:4      | Noticed a lemure
  2436 | D:4      | Killed a lemure
  2637 | D:4      | Noticed a lemure
  2970 | D:3      | Slain by a gnoll

Illustrated notes

Levels and vault maps discovered:
D:1:      dpeg_arrival_connections, layout_rooms,
          dreamdust_ecumenical_altar_sealed_demon, serial_shops, shop
D:2:      layout_loops_ring, basic_altar
D:3:      layout_basic, ebering_ghost_sewer_f, glass_columns_c
D:4:      cheibrodos_greedy_goblins, layout_loops_ring, grunt_ministairs_2,
          uniq_pikel

Skill      XL: |  1  2  3 |
---------------+----------+-----
Stealth        | 1 2 |  2.0
Ranged Weapons | 4 |  4.8
Fighting       | |  2.0
Dodging        | |  1.5

Action                     |  1- 3 |  4- 6 || total
---------------------------+-------+-------++-------
   Fire: Shortbow          |   132 |    67 ||   199
    Use: Scroll            |       |     2 ||     2
 Armour: Leather armour    |    16 |    15 ||    31
  Dodge: Dodged            |    42 |    28 ||    70

Table legend: (Time is in decaauts)
 A = Elapsed time spent in this place.
 B = Non-inter-level travel time spent in this place.
 C = Inter-level travel time spent in this place.
 D = Time resting spent in this place.
 E = Time spent auto-exploring this place.
 F = Levels seen in this place.
 G = Mean time per level.
                   A        B        C        D        E       F      G
               +--------+--------+--------+--------+--------+-----+--------+
         Total |   3042 |   2758 |    284 |    903 |   1254 |   4 |  760.5 |
       Dungeon |   3042 |   2758 |    284 |    903 |   1254 |   4 |  760.5 |
               +--------+--------+--------+--------+--------+-----+--------+

Top non-repeatable levels by time:
     D:2: 896 daAuts
     D:3: 842 daAuts
     D:4: 700 daAuts
     D:1: 602 daAuts
